 Dungeon Crawl Stone Soup version 0.30-a0-782-ge64f9170bb (webtiles) character file.

Game seed: 5728627712547865275

4263 Leeroy the Carver (level 10, 0/70 HPs)
             Began as a Merfolk Monk on Feb 27, 2023.
             Was a Priest of Uskayaw.
             Slain by an orc warrior
             ... wielding a +0 glaive
              (19 damage)
             ... in a bailey.
             The game lasted 00:17:01 (8350 turns).

Leeroy the Carver (Merfolk Monk)                    Turns: 8350, Time: 00:17:01

Health: 0/70       AC:  5    Str: 12    XL:     10   Next: 31%
Magic:  0/19       EV: 24    Int: 10    God:    Uskayaw [***...]
Gold:   466        SH:  0    Dex: 20    Spells: 4/9 levels left

rFire   + . .      SeeInvis .    X - +2 falchion (elec)
rCold   + . .      Faith    .    (no shield)
rNeg    . . .      Spirit   +    D - +0 troll leather armour {Pargi}
rPois   .          Reflect  .    V - +1 hat
rElec   .          Harm     .    u - scarf {rC+ rF+}
rCorr   .          Rampage  .    (no gloves)
Will    +....                    (boots currently unavailable)
Stlth   +++                      J - amulet of guardian spirit
HPRegen 1.11/turn                h - ring of magical power
MPRegen 0.16/turn                y - ring of willpower

@: very quick
A: nimble swimmer 2, mertail
a: Renounce Religion, Stomp, Line Pass


You were in a bailey.
You worshipped Uskayaw.
Uskayaw was noncommittal.
You visited 2 branches of the dungeon, and saw 10 of its levels.
You also visited: Sewer, Ossuary and Bailey.

You collected 694 gold pieces.
You spent 228 gold pieces at shops.

Inventory:

Hand Weapons
 a - a +0 rapier of speed
 i - a +0 vampiric dagger
 q - the +7 halberd of Hoyddaar {elec, rF+ rN+ Int+3 SInv}
   (You found it on level 9 of the Dungeon)

   Int:       It affects your intelligence (+3).
   rF:        It protects you from fire.
   rN:        It protects you from negative energy.
   SInv:      It lets you see invisible.
 r - a +4 falchion
 t - a +3 short sword of electrocution
 W - a +0 scimitar
 X - a +2 falchion of electrocution (weapon)
Missiles
 K - 6 atropa-tipped darts
 L - 7 poisoned darts
Armour
 b - a +0 robe
 n - a +1 cloak
 s - a +0 pair of boots
 u - a scarf of resistance (worn)
 x - a +2 chain mail of willpower
 D - a +0 troll leather armour (worn) {Pargi}
 V - a +1 hat (worn)
 Y - a +1 pair of boots (melded)
Jewellery
 h - a ring of magical power (left hand)
 p - a ring of fire
 y - a ring of willpower (right hand)
 J - an amulet of guardian spirit (around neck)
 M - a +6 ring of strength
 N - an amulet of regeneration
 T - a ring of willpower
 Z - a ring of flight
Wands
 I - a wand of flame (12)
 O - a wand of roots (6) (quivered)
 U - a wand of charming (7)
Scrolls
 c - a scroll of vulnerability
 d - 3 scrolls of enchant weapon
 g - 5 scrolls of teleportation
 l - a scroll of noise
 m - 3 scrolls of butterflies
 o - 4 scrolls of amnesia
 v - a scroll of torment
 E - 2 scrolls of fog
 F - a scroll of blinking
 G - 2 scrolls of immolation {unknown}
 H - a scroll of enchant armour
 R - 4 scrolls of identify
 S - a scroll of poison {unknown}
Potions
 e - 4 potions of brilliance
 f - a potion of magic {unknown}
 j - 2 potions of flight {unknown}
 k - 5 potions of curing {unknown}
 w - 5 potions of mutation {unknown}
 z - 3 potions of cancellation {unknown}
 A - a potion of might {unknown}
 B - 4 potions of haste
 C - 2 potions of lignification {unknown}
 P - 2 potions of heal wounds {unknown}
 Q - a potion of attraction {unknown}


   Skills:
 - Level 3.2 Fighting
 - Level 14.3 Long Blades
 + Level 12.0 Dodging
 - Level 2.1 Stealth


You had 4 spell levels left.
You knew the following spells:

 Your Spells              Type           Power      Damage    Failure   Level
a - Wereblood             Tmut           0%         N/A       58%         2
b - Vhi's Electric Charg  Tloc/Air       0%         N/A       82%         3

Your spell library contained the following spells:

 Spells                   Type           Power      Damage    Failure   Level
 Sublimation of Blood     Necr           0%         N/A       58%         2
 Gell's Gravitas          Tloc           0%         N/A       82%         3
 Ignite Poison            Fire/Tmut/Pois 0%         N/A       82%         3
 Inner Flame              Hex/Fire       0%         N/A       82%         3
 Teleport Other           Tloc           0%         N/A       82%         3
 Flame Wave               Conj/Fire      0%         2d4       99%         4
 Sticky Flame             Conj/Fire      0%         2d3       99%         4
 Arcjolt                  Conj/Air       0%         1d10      100%        5
 Freezing Cloud           Conj/Ice/Air   0%         6-21      100%        5
 Iskenderun's Battlesphe  Conj           0%         2d6       100%        5
 Dispersal                Tloc           0%         N/A       100%        6
 Iron Shot                Conj/Erth      0%         9d1       100%        6
 Simulacrum               Ice/Necr       0%         N/A       100%        6
 Spellforged Servitor     Conj/Summ      0%         N/A       100%        7
 Summon Hydra             Summ           0%         N/A       100%        7
 Ignition                 Fire           0%         3d3       100%        8
 Maxwell's Capacitive Co  Air            0%         ∞         100%        8
 Polar Vortex             Ice            0%         N/A       100%        9


Dungeon Overview and Level Annotations

Branches:
Dungeon (9/15)             Temple (1/1) D:6           Sewer (visited)
Ossuary (visited)          Bailey (1/1)
   Lair: D:8-11         Orc: D:9-12

Altars:
Ashenzari
Dithmenos
Elyvilon
Fedhas
Gozag
Hepliaklqana
Kikubaaqudgha
Makhleb
Okawaru
Qazlal
Ru
Sif Muna
Trog
Uskayaw
Vehumet
Wu Jian
Xom
Yredelemnul
Zin
The Shining One

Shops:
D:9 *(([

Annotations:
D:6 3 runed translucent doors, caveywoolpert's ghost, novice DgEE
D:7 Joseph


Innate Abilities, Weirdness & Mutations

You are very nimble when in or above water. (Stealth+, EV+, Speed+++)
Your lower body shifts to a powerful aquatic tail in water.


Message History

The centaur shouts!
The centaur throws a javelin.
The javelin barely misses you. The centaur barely misses you.
The centaur misses you.
You are too injured to fight recklessly!
The orc shouts!
You hit the orc.
The orc is heavily wounded.
The centaur barely misses you. The centaur misses you.
The orc hits you but does no damage.
You hit the orc but do no damage. You tail-slap the orc.
You kill the orc!
You hear a splash. x2
The centaur hits you with a +0 spear!
The centaur kicks you but does no damage.
You hit the centaur. Lightning courses through the centaur!
You tail-slap the centaur, but do no damage.
The centaur is almost dead.
The centaur misses you.
The centaur kicks you but does no damage.
Uskayaw will force your foes to helplessly watch your dance.
Uskayaw prepares the audience for your solo!
The helpless centaur fails to defend itself.
You slash the centaur!
You kill the centaur!
You hear a splash. x3
Your Dodging skill increases to level 12!
Unknown command.
Things that are here:
a +0 spear; a +0 ring mail; an orc corpse The orc warrior is no longer paralysed. x2; The centaur is no longer paralysed.
The orc warrior is no longer paralysed.
The orc is no longer paralysed. x2
The orc warrior is no longer paralysed. x2; The orc is no longer paralysed.
The orc warrior is no longer paralysed. x2
You hit the orc warrior but do no damage.
The centaur throws a javelin.
The javelin misses you.
The orc warrior hits you from afar with a +0 glaive!
* * * LOW HITPOINT WARNING * * *
The orc warrior completely misses you.
The orc warrior hits you from afar with a +0 glaive!!
You die...

#≈≈≈≈.≈.............≈.≈≈
#≈≈≈c≈≈.⌠.........⌠.≈≈.≈
# ≈≈.≈.........o.....≈c≈
# .≈≈....≈≈≈≈≈≈≈o...≈≈.
#####...≈≈≈~~~~~≈≈≈...≈.
'......≈≈≈~≈≈≈≈≈~~≈≈..≈.
'......≈≈≈~~::?≈≈≈~~....
'.....o≈≈≈~≈≈≈≈≈))≈≈..≈.
#####...≈≈≈~)~~~@≈≈...≈o
#≈≈.≈≈...o≈≈≈≈≈≈≈o...≈≈.
#≈≈≈c≈....o.ooo.o....≈.≈
#≈≈≈.≈≈.⌠...o.....⌠.≈≈.≈
#≈≈≈≈c≈.............≈.≈≈
#≈≈≈≈.≈≈≈.........≈≈≈.≈≈
#≈≈≈≈≈..≈≈≈.....≈≈≈c.≈≈≈
# .≈≈≈≈≈≈≈..≈≈≈≈≈ #


You could see 7 orc warriors, 2 centaurs and 4 orcs.

Vanquished Creatures
  A wyvern (D:9)
  A yak (D:9)
  A steam dragon (D:8)
  Menkaure (D:7)
  A sky beast (D:8)
  Pargi (Sewer)
  4 orc warriors
  A black bear (D:4)
  5 ogres
  7 centaurs
  A phantom (D:5)
  2 kobold brigands
  3 bullfrogs
  A gnoll sergeant (D:8)
  A necrophage (D:4)
  7 wights
  A howler monkey (D:5)
  2 centaur zombies (Ossuary)
  A human zombie (Ossuary)
  7 hounds
  4 orc priests
  A gnoll bouda (D:4)
  2 iguanas (D:5)
  Jessica (D:2)
  4 orc wizards
  3 hound zombies (Ossuary)
  3 mummies (Ossuary)
  10 gnolls
  10 adders
  3 white imps
  3 adder zombies (Ossuary)
  2 dart slugs
  42 orcs
  6 bats
  3 endoplasms
  6 giant cockroaches
  6 goblins
  6 hobgoblins
  8 jackals
  16 kobolds
  7 quokkas
  15 ball pythons
  7 frilled lizards
  3 gnoll zombies (Ossuary)
  4 goblin zombies (Ossuary)
  5 hobgoblin zombies (Ossuary)
  3 jackal zombies (Ossuary)
  3 kobold zombies (Ossuary)
  An orc zombie (Ossuary)
  2 quokka zombies (Ossuary)
  11 rats
  6 rat zombies
255 creatures vanquished.

Vanquished Creatures (others)
  A plant (D:5)
1 creature vanquished.

Grand Total: 256 creatures vanquished

Notes
Turn   | Place    | Note
-------+----------+-------------------------------------------
     0 | D:1      | Leeroy the Merfolk Monk began the quest for the Orb.
     0 | D:1      | Reached XP level 1. HP: 18/18 MP: 1/1
    21 | D:1      | Reached skill level 4 in Long Blades
    78 | D:1      | Reached XP level 2. HP: 24/24 MP: 2/2
   258 | D:1      | Reached skill level 5 in Long Blades
   258 | D:1      | Reached XP level 3. HP: 18/29 MP: 3/3
   580 | D:1      | Found a faded altar of an unknown god.
   798 | D:2      | Reached XP level 4. HP: 21/35 MP: 4/4
   978 | D:2      | Noticed Jessica
   986 | D:2      | Killed Jessica
   987 | D:2      | Reached skill level 6 in Long Blades
  1301 | D:2      | Reached XP level 5. HP: 14/41 MP: 5/5
  1445 | D:2      | Reached skill level 7 in Long Blades
  1656 | D:3      | Found a faded altar of an unknown god.
  1660 | D:3      | Found a burning altar of Makhleb.
  2177 | D:3      | Reached XP level 6. HP: 43/47 MP: 6/6
  2730 | D:4      | Reached skill level 8 in Long Blades
  2944 | D:4      | Found a large runed translucent door.
  2945 | D:4      | Found a large runed translucent door.
  3079 | D:4      | Found a broken altar of Ashenzari.
  3114 | D:4      | Found an ancient bone altar of Kikubaaqudgha.
  3150 | D:4      | Reached skill level 9 in Long Blades
  3271 | D:4      | Found a glowing drain.
  3296 | Sewer    | Entered a sewer
  3455 | Sewer    | Noticed Pargi
  3475 | Sewer    | Killed Pargi
  3476 | Sewer    | Reached XP level 7. HP: 15/52 MP: 7/7
  3893 | D:4      | Reached skill level 10 in Long Blades
  3962 | D:5      | Entered Level 5 of the Dungeon
  3994 | D:5      | Found a sacrificial altar of Ru.
  4019 | D:5      | HP: 1/52 [iguana (8)]
  4207 | D:5      | Reached skill level 11 in Long Blades
  4219 | D:5      | Found an ornate altar of the Wu Jian Council.
  4223 | D:5      | Found a hazy altar of Hepliaklqana.
  4223 | D:5      | Found a stormy altar of Qazlal.
  4254 | D:5      | Reached XP level 8. HP: 57/58 MP: 8/8
  4623 | D:6      | Found a staircase to the Ecumenical Temple.
  4664 | D:6      | Reached skill level 12 in Long Blades
  4695 | D:6      | Found a runed translucent gate.
  4695 | D:6      | Found a runed translucent gate.
  4695 | D:6      | Found a runed translucent gate.
  4697 | Temple   | Entered the Ecumenical Temple
  4823 | Temple   | Became a worshipper of Uskayaw the Reveller
  4823 | Temple   | Reached * piety under Uskayaw
  4840 | D:6      | Noticed caveywoolpert's ghost (novice DgEE)
  4867 | D:6      | Reached ** piety under Uskayaw
  4962 | D:6      | Reached *** piety under Uskayaw
  5024 | D:6      | Reached **** piety under Uskayaw
  5219 | D:6      | Reached skill level 13 in Long Blades
  5336 | D:6      | Found a white marble altar of Elyvilon.
  5337 | D:6      | Found an iron altar of Okawaru.
  5365 | D:6      | Reached XP level 9. HP: 64/64 MP: 9/9
  5368 | D:6      | Learned a level 2 spell: Wereblood
  5688 | D:7      | Noticed Menkaure
  5705 | D:7      | Killed Menkaure
  5706 | D:7      | Reached skill level 14 in Long Blades
  5853 | D:7      | Noticed Joseph
  5920 | D:8      | Found a sand-covered staircase.
  5978 | D:8      | Learned a level 3 spell: Vhi's Electric Charge
  6072 | D:8      | Reached skill level 5 in Dodging
  6075 | D:8      | Reached ***** piety under Uskayaw
  6112 | Ossuary  | Entered an ossuary
  7638 | D:9      | Found a flagged portal.
  7643 | D:9      | Identified the +7 halberd of Hoyddaar {elec, rF+ rN+ Int+3
                  | SInv}
  7707 | D:9      | Found Hoytidul's Armour Shoppe.
  7750 | D:9      | Found Tinamn's Antique Weapon Shop.
  7755 | D:9      | Found Oli Isabifet's Antique Weapon Shoppe.
  7781 | D:9      | Bought a scimitar for 84 gold pieces
  7787 | D:9      | Bought a runed falchion for 144 gold pieces
  7883 | D:9      | Reached XP level 10. HP: 48/70 MP: 10/10
  7889 | D:9      | Reached skill level 10 in Dodging
  7904 | D:9      | Found Ymiatwika's General Store.
  7947 | D:9      | Noticed a manticore
  7998 | Bailey   | Entered a bailey
  8350 | Bailey   | Slain by an orc warrior

Illustrated notes

Levels and vault maps discovered:
D:1:      scummos_arrival_simple_crosswalls, layout_rooms,
          basic_ecumenical_altar
D:2:      layout_loops_cross, minmay_joined_circles, uniq_jessica
D:3:      layout_basic, nicolae_overflow_ecumenical_swirl
D:4:      layout_cave_pools, jmf_multi_god_temple2, gup_sewer_entry_glass,
          kennysheep_generic_room_6
D:5:      layout_rooms, mainiacjoe_overflow_catwalk,
          gammafunk_temple_overflow_forgotten
D:6:      layout_loops_ring, mainiacjoe_overflow_divided_tiny,
          minmay_temple_entry_mist, gammafunk_ghost_necromancy, nicolae_titane
D:7:      layout_rooms, nemelex_dance_club_becter, minmay_manual_mares,
          uniq_menkaure, uniq_joseph
D:8:      layout_basic, enter_ossuary_4
D:9:      layout_basic, enter_bailey_2, serial_shops, shop_statue,
          nicolae_stop_n_shop_1, shop, nicolae_stop_n_shop_2,
          hangedman_decor_push, minmay_chambers_of_fives
Temple:   nicolae_temple_bog_church
Bailey:   bailey_polearm_flooded_kennysheep, bailey

Skill      XL: |  1  2  3  4  5  6  7  8  9 10 |
---------------+-------------------------------+-----
Long Blades    | 4 5 6 7 9 11 13 14 | 14.3
Dodging        | 9 12 | 12.0
Fighting       | |  3.2
Stealth        | |  2.1

Action                     |  1- 3 |  4- 6 |  7- 9 | 10-12 || total
---------------------------+-------+-------+-------+-------++-------
  Melee: Falchion          |   117 |   106 |   202 |    99 ||   524
         Punch             |     1 |     7 |    10 |       ||    18
         Short sword       |       |   136 |   268 |       ||   404
         Tailslap          |       |       |     1 |     7 ||     8
  Evoke: Wand              |       |       |    10 |     1 ||    11
    Use: Scroll            |       |     2 |    11 |     1 ||    14
         Potion            |       |       |     2 |       ||     2
   Stab: Sleeping          |     3 |     7 |     4 |       ||    14
         Distracted        |       |     1 |       |     1 ||     2
         Paralysed         |       |       |    11 |     6 ||    17
 Armour: Robe              |    16 |    60 |       |       ||    76
         Troll leather arm |       |       |    85 |    12 ||    97
  Dodge: Dodged            |   115 |   168 |   283 |   112 ||   678

Table legend: (Time is in decaauts)
 A = Elapsed time spent in this place.
 B = Non-inter-level travel time spent in this place.
 C = Inter-level travel time spent in this place.
 D = Time resting spent in this place.
 E = Time spent auto-exploring this place.
 F = Levels seen in this place.
 G = Mean time per level.
                   A        B        C        D        E       F      G
               +--------+--------+--------+--------+--------+-----+--------+
         Total |   8030 |   7375 |    655 |    429 |   4939 |  13 |  617.7 |
       Dungeon |   6846 |   6208 |    638 |    169 |   4355 |   9 |  760.7 |
        Temple |    110 |     93 |     17 |      0 |     80 |   1 |  110.0 |
         Sewer |    336 |    336 |      0 |    120 |    165 |   1 |  336.0 |
       Ossuary |    433 |    433 |      0 |    140 |    158 |   1 |  433.0 |
        Bailey |    305 |    305 |      0 |      0 |    180 |   1 |  305.0 |
               +--------+--------+--------+--------+--------+-----+--------+

Top non-repeatable levels by time:
     D:3: 1154 daAuts
     D:4: 972 daAuts
     D:8: 966 daAuts
     D:2: 946 daAuts
     D:6: 945 daAuts
     D:1: 612 daAuts
     D:5: 509 daAuts
 Ossuary: 433 daAuts
     D:9: 372 daAuts
     D:7: 366 daAuts
   Sewer: 336 daAuts
  Bailey: 305 daAuts
  Temple: 110 daAuts
